 Dungeon Crawl Stone Soup version 0.23.1 (webtiles) character file.

Game seed: 12102685198908669093

145 Hasart the Shield-Bearer (level 5, 0/36 HPs)
             Began as an Octopode Fighter on Mar 7, 2019.
             Slain by a worker ant (4 damage)
             ... on level 3 of the Dungeon.
             The game lasted 00:05:03 (2268 turns).

Hasart the Shield-Bearer (Octopode Fighter)         Turns: 2268, Time: 00:05:04

Health: 0/36       AC:  1    Str: 16    XL:     5   Next: 27%
Magic:  5/5        EV: 12    Int: 10    God:
Gold:   207        SH:  9    Dex: 12    Spells: 4/4 levels left

rFire    . . .     SeeInvis .     - Unarmed
rCold    . . .     Gourm    .   a - +0 shield
rNeg     . . .     Faith    .   (helmet restricted)
rPois    .         Spirit   .   (no amulet)
rElec    .         Reflect  .   p - ring of wizardry
rCorr    .         Harm     .   (no ring)
MR       .....                  (no ring)
Stlth    ++........             (no ring)
HPRegen  0.12/turn              (no ring)
MPRegen  0.09/turn              (no ring)
                                (no ring)
                                (no ring)

@: lethally poisoned (0 -> -22)
A: almost no armour, stealthy swim, amphibious, 8 rings, constrict 8, camouflage
1, gelatinous body 1
a: no special abilities


You were on level 3 of the Dungeon.
You were not hungry.

You visited 1 branch of the dungeon, and saw 3 of its levels.

You collected 207 gold pieces.

Inventory:

Armour
 a - a +0 shield (worn)
Jewellery
 p - a ring of wizardry (left tentacle)
Scrolls
 d - 3 scrolls of identify {unknown}
 e - 3 scrolls of teleportation {unknown}
 f - 2 scrolls of amnesia {unknown}
 i - a scroll of magic mapping {unknown}
 j - a scroll of fear {unknown}
 k - a scroll of enchant armour {unknown}
 n - 2 scrolls of fog {unknown}
 s - a scroll of remove curse {unknown}
Potions
 b - a potion of might
 g - 2 potions of heal wounds {unknown}
 h - a potion of berserk rage {unknown}
 l - a potion of degeneration {unknown}
 m - 2 potions of agility {unknown}
 q - 2 potions of lignification {unknown}
 r - a potion of haste {unknown}
Comestibles
 c - 4 rations
 o - 6 chunks of flesh


   Skills:
 + Level 3.6 Fighting
 + Level 3.7 Dodging
 + Level 3.7 Shields
 * Level 3.6 Unarmed Combat


You had 4 spell levels left.
You didn't know any spells.
Your spell library contained the following spells:

 Spells                   Type           Power        Failure   Level  Hunger
 Animate Skeleton         Necr           N/A          52%         1    ##.....
 Pain                     Necr           #...         52%         1    ##.....
 Regeneration             Chrm/Necr      #.........   86%         3    ####...
 Vampiric Draining        Necr           #.........   86%         3    ####...
 Animate Dead             Necr           N/A          99%         4    #####..


Dungeon Overview and Level Annotations

Branches:
Dungeon (3/15)

Altars:
Qazlal


Innate Abilities, Weirdness & Mutations

You cannot wear most types of armour.
You are very stealthy in the water. (Stealth+)
You are amphibious.
You can wear up to eight rings at the same time.
You can use your tentacles to constrict eight enemies at once.
Your skin changes colour to match your surroundings (Stealth+).
Your rubbery body absorbs attacks. (AC +1, EV +1)


Message History

You are more poisoned.
The worker ant bites you.
You tentacle-slap the worker ant. You squeeze the worker ant.
The worker ant is severely wounded.
You constrict the worker ant.
You feel sick. The worker ant bites you.
You tentacle-slap the worker ant but do no damage.
Your tentacle-slap misses the worker ant.
The worker ant is severely wounded.
You constrict the worker ant, but do no damage.
You feel sick. The worker ant bites you.
* * * LOW HITPOINT WARNING * * *
You are more poisoned.
The worker ant poisons you!
The kobold shoots a poisoned needle.
You block the poisoned needle.
You tentacle-slap the worker ant.
The worker ant is almost dead.
You constrict the worker ant.
* * * LOW HITPOINT WARNING * * *
You feel sick. The worker ant bites you.
You die...

#.#.<. ..#
#.#.#######
#..........
#>........?
#..........
###..........
####.....(......
#...............
##.#.#..@.......
# #.#...a......
#.#.......K.. #
#..........
..........!
##........>.
...........
............


You could see a worker ant and a kobold.

Vanquished Creatures
  4 adders
  A shadow imp (D:3)
  2 worms (D:2)
  4 dart slugs
  2 leopard geckos
  4 orcs (D:3)
  7 bats
  5 giant cockroaches
  12 goblins
  8 hobgoblins
  8 jackals
  2 ball pythons
  2 frilled lizards (D:2)
  6 kobolds
  7 rats
74 creatures vanquished.

Notes
Turn   | Place    | Note
-------+----------+-------------------------------------------
     0 | D:1      | Hasart the Octopode Fighter began the quest for the Orb.
     0 | D:1      | Reached XP level 1. HP: 16/16 MP: 1/1
   213 | D:1      | Reached XP level 2. HP: 19/21 MP: 2/2
   504 | D:1      | Reached XP level 3. HP: 25/26 MP: 3/3
   985 | D:2      | Reached XP level 4. HP: 26/31 MP: 4/4
  1170 | D:2      | Found a stormy altar of Qazlal.
  1172 | D:2      | Noticed a water elemental
  1281 | D:2      | Noticed an air elemental
  1284 | D:2      | Noticed an earth elemental
  1284 | D:2      | Noticed a fire elemental
  1756 | D:3      | Reached XP level 5. HP: 26/36 MP: 5/5
  2268 | D:3      | Slain by a worker ant

Skill      XL: |  1  2  3 |
---------------+----------+-----
Unarmed Combat | 3 |  3.6
Fighting       | |  3.6
Dodging        | |  3.7
Shields        | |  3.7

Action                   |  1- 3 |  4- 6 || total
-------------------------+-------+-------++-------
Melee: Unarmed           |    70 |    93 ||   163
       Tentacles         |    17 |    10 ||    27
       Constrict         |    19 |    26 ||    45
       Punch             |       |     1 ||     1
 Stab: Sleeping          |     5 |    11 ||    16
  Eat: Chunk             |       |     4 ||     4
Armor: Skin              |     4 |     7 ||    11
Dodge: Dodged            |    38 |    39 ||    77
Block: Shield            |    28 |    38 ||    66
